 Dungeon Crawl Stone Soup version 0.25.1-2-g60ff931df9 (webtiles) character file.

Game seed: 6716092126319358844

669 hawla the Conjurer (level 7, -4/50 HPs)
             Began as a Red Draconian Conjurer on Nov 17, 2020.
             Slain by an orc warrior
             ... wielding a +0 battleaxe
              (20 damage)
             ... on level 5 of the Dungeon.
             The game lasted 00:17:56 (7000 turns).

hawla the Conjurer (Red Draconian Conjurer)         Turns: 7000, Time: 00:17:56

Health: -4/50      AC:  7    Str: 11    XL:     7   Next: 32%
Magic:  1/12       EV: 12    Int: 17    God:
Gold:   311        SH:  0    Dex: 17    Spells: 6/13 levels left

rFire    + . .     SeeInvis .   (no weapon)
rCold    + . .     Gourm    .   (no shield)
rNeg     . . .     Faith    .   (armour unavailable)
rPois    .         Spirit   .   (helmet restricted)
rElec    .         Reflect  .   (no cloak)
rCorr    .         Harm     .   (no gloves)
MR       .....                  q - +0 pair of boots
Stlth    ++........             (no amulet)
HPRegen  0.16/turn              n - +6 ring of dexterity
MPRegen  0.13/turn              i - ring of protection from cold

@: mighty
A: breathe fire, unfitting armour, fire resistance 1, cold-blooded, AC +6
a: Breathe Fire


You were on level 5 of the Dungeon.
You were very hungry.

You visited 1 branch of the dungeon, and saw 6 of its levels.

You collected 311 gold pieces.

Inventory:

Missiles
 g - 37 poisoned darts
 j - a throwing net (quivered)
Armour
 q - a +0 pair of boots (worn)
Jewellery
 f - an uncursed amulet of magic regeneration {unknown}
 i - a ring of protection from cold (right hand)
 m - a +4 ring of protection
 n - a +6 ring of dexterity (left hand)
Wands
 p - a wand of random effects (11)
Scrolls
 a - a scroll of magic mapping
 e - 2 scrolls of fear
 k - 4 scrolls of remove curse
 o - a scroll of teleportation {unknown}
Potions
 c - a potion of brilliance
 l - 2 potions of flight
 r - a potion of might
Comestibles
 b - 15 rations


   Skills:
 - Level 1.7 Dodging
 - Level 1.7 Stealth
 - Level 3.7 Spellcasting
 + Level 5.9 Conjurations
 + Level 5.5 Translocations


You had 6 spell levels left.
You knew the following spells:

 Your Spells              Type           Power        Failure   Level  Hunger
a - Magic Dart            Conj           ###.         1%          1    None
b - Searing Ray           Conj           ###...       2%          2    ##.....
c - Iskenderun's Mystic   Conj/Tloc      ###.....     16%         4    ####...

Your spell library contained the following spells:

 Spells                   Type           Power        Failure   Level  Hunger
 Dazzling Flash           Conj/Hex       ##....       14%         3    ###....
 Fulminant Prism          Conj/Hex       ##........   43%         4    ####...


Dungeon Overview and Level Annotations

Branches:
Dungeon (6/15)
 Temple: D:4-7

Altars:
Fedhas
Xom

Shops:
D:4 *   D:5 (


Innate Abilities, Weirdness & Mutations

You can breathe blasts of fire.
Your fiery red scales are hard. (AC +6)
You cannot fit into any form of body armour.
Your flesh is heat resistant. (rF+)
You are cold-blooded and may be slowed by cold attacks.


Message History

You are very lightly contaminated with residual magic.
Strange energies run through your body!
You are feeling very hungry.
The orc warrior barely misses you.
It was a potion of cancellation.
You feel magically purged.
Your magical contamination has completely faded away.
The orc warrior hits you with a +0 battleaxe!!
You feel very mighty all of a sudden.
The orc warrior hits you with a +0 battleaxe!
* * * LOW HITPOINT WARNING * * *
You feel better. The orc warrior closely misses you.
You hit the orc warrior.
The orc warrior is heavily wounded.
You barely miss the orc warrior.
The orc warrior is heavily wounded.
The orc warrior barely misses you.
You hit the orc warrior. You tail-slap the orc warrior.
The orc warrior is severely wounded.
The orc warrior hits you with a +0 battleaxe!!
You die...

#......# #......#
##....####......#
#####+#.....+......#
#........####......##############
#........+.........'.............
#........#..#......############.#
#..........................# #.#
#.....#+#####......(######.# #.#
#.....#........o@...# #.# #.#
#)....#....####.....### #.# #.#
#.....#.......+.......####.# #.#
..........)...#............# #.#
#####.##.#.........##..##### #.#
#.##........#..........# #.#
#.##.######.##########.# #.#
#.##.#......###.....>#.####.#
#.##.#.#....................#


You could see an orc warrior.

Vanquished Creatures
  A phantom (D:5)
  A bullfrog zombie (D:5)
  A hound (D:5)
  An orc priest (D:3)
  4 orc wizards (D:4)
  An iguana (D:4)
  A centaur skeleton (D:4)
  3 worker ants (D:4)
  2 hound zombies (D:5)
  A hound skeleton (D:4)
  10 adders
  An ooze (D:5)
  3 worms
  2 dart slugs
  2 leopard geckos
  13 orcs
  5 giant cockroaches
  4 goblins
  17 hobgoblins
  4 jackals (D:1)
  4 kobolds
  2 quokkas
  2 ball pythons
  9 bats
  7 frilled lizards
  10 rats
111 creatures vanquished.

Vanquished Creatures (others)
  5 dream sheep (D:3)
5 creatures vanquished.

Grand Total: 116 creatures vanquished

Notes
Turn   | Place    | Note
-------+----------+-------------------------------------------
     0 | D:1      | hawla the Draconian Conjurer began the quest for the Orb.
     0 | D:1      | Reached XP level 1. HP: 14/14 MP: 3/3
   427 | D:1      | Reached XP level 2. HP: 20/20 MP: 0/5
   431 | D:1      | Learned a level 2 spell: Searing Ray
  1497 | D:1      | Reached XP level 3. HP: 26/26 MP: 0/7
  2674 | D:2      | Reached XP level 4. HP: 33/33 MP: 4/9
  2756 | D:2      | Learned a level 4 spell: Iskenderun's Mystic Blast
  2838 | D:2      | Found a blossoming altar of Fedhas.
  3128 | D:3      | Reached skill level 1 in Translocations
  3642 | D:3      | Reached XP level 5. HP: 11/38 MP: 0/10
  3945 | D:3      | Found a faded altar of an unknown god.
  4243 | D:3      | Noticed a dream sheep
  4243 | D:3      | Noticed a dream sheep
  4243 | D:3      | Noticed a dream sheep
  4243 | D:3      | Noticed a dream sheep
  4243 | D:3      | Noticed a dream sheep
  4243 | D:3      | Found a shimmering altar of Xom.
  4248 | D:3      | Killed a dream sheep
  4249 | D:3      | Killed a dream sheep
  4249 | D:3      | Killed a dream sheep
  4250 | D:3      | Killed a dream sheep
  4250 | D:3      | Killed a dream sheep
  4975 | D:4      | Reached XP level 6. HP: 22/45 MP: 0/11
  4977 | D:4      | Reached skill level 5 in Conjurations
  5450 | D:4      | Found Kutzi's Assorted Antiques.
  5556 | D:5      | Entered Level 5 of the Dungeon
  5687 | D:5      | Reached skill level 5 in Translocations
  5889 | D:5      | Your scales start taking on a fiery red colour.
  5889 | D:5      | Reached XP level 7. HP: 50/50 MP: 6/12
  5889 | D:5      | Gained mutation: Your flesh is heat resistant. (rF+) [Red
                  | Draconian growth]
  6863 | D:5      | Found Opawih's Antique Weapon Emporium.
  7000 | D:5      | Slain by an orc warrior

Illustrated notes

Levels and vault maps discovered:
D:1:      dpeg_arrival_three_same_balls, layout_basic
D:2:      layout_basic, fedhas_altar_fruit_tree
D:3:      layout_loops_ring, first_ration,
          chequers_ecumenical_altar_simple_redux, kb_xom_exploding_sheep
D:4:      layout_rooms, serial_shops, shop
D:5:      layout_basic, serial_shops, kennysheep_mini_moat
D:6:      layout_loops_ring, minmay_temple_entry_crystal_x,
          minmay_increasing_density, uniq_grinder

Skill      XL: |  1  2  3  4  5  6 |
---------------+-------------------+-----
Spellcasting   | 3 |  3.7
Translocations | 2 3 5 |  5.5
Conjurations   | 5 |  5.9
Dodging        | |  1.7
Stealth        | |  1.7

Action                   |  1- 3 |  4- 6 |  7- 9 || total
-------------------------+-------+-------+-------++-------
Melee: Unarmed           |    34 |    32 |     8 ||    74
       Tailslap          |     5 |     6 |     2 ||    13
Throw: Throwing net      |       |       |     1 ||     1
 Cast: Magic Dart        |    60 |    93 |    16 ||   169
       Searing Ray       |    11 |    25 |     7 ||    43
       Iskenderun's Myst |       |     2 |    10 ||    12
  Use: Scroll            |     6 |     4 |       ||    10
       Potion            |       |     9 |     3 ||    12
  Eat: Chunk             |     6 |    10 |     6 ||    22
Armor: Skin              |    12 |    23 |    17 ||    52
Dodge: Dodged            |    33 |    36 |    35 ||   104
